 Dungeon Crawl Stone Soup version 0.29.1-4-g47bece8355 (webtiles) character file.

Game seed: 11354871531919132056

36466 Hiippo the Peltast (level 14, -30/121 HPs)
             Began as a Formicid Fighter on Dec 1, 2022.
             Was a Priest of Wu Jian.
             Killed from afar by a frost giant (56 damage)
             ... with a bolt of cold
             ... in an ice cave on Dec 2, 2022.
             The game lasted 01:50:28 (21184 turns).

Hiippo the Peltast (Formicid Fighter)              Turns: 21184, Time: 01:50:29

Health: -30/121    AC: 17    Str: 26    XL:     14   Next: 23%
Magic:  14/14      EV:  8    Int:  8    God:    Wu Jian [***...]
Gold:   1298       SH:  8    Dex: 13    Spells: 13/13 levels left

rFire   + . .      SeeInvis +   j - +8 hammer of the Loving Gods {spect, rElec rCorr Stlth+}
rCold   . . .      Faith    .   C - +0 buckler {reflect}
rNeg    + . .      Spirit   .   B - +2 chain mail {rF+}
rPois   .          Reflect  +   (helmet unavailable)
rElec   +          Harm     .   t - +1 cloak {Stlth+}
rCorr   +          Rampage  .   x - +1 pair of gloves
Will    ++...                   (no boots)
Stlth   ..........              (no amulet)
HPRegen 0.30/turn               e - ring of positive energy
MPRegen 0.14/turn               v - ring of willpower

@: no status effects
A: permanent stasis, dig shafts and tunnels, antennae 3, four strong arms
a: Dig, Renounce Religion, Wall Jump, Serpent's Lash


You were in an ice cave.
You worshipped Wu Jian.
Wu Jian was most pleased with you.
You visited 2 branches of the dungeon, and saw 14 of its levels.
You also visited: Ossuary, Bailey and Ice Cave.

You collected 1298 gold pieces.

Inventory:

Hand Weapons
 a - a +1 flail of chaos
 j - the +8 hammer of the Loving Gods (weapon) {spect, rElec rCorr Stlth+}
   (You took it off a hobgoblin on level 4 of the Dungeon)

   When its wielder attacks, the weapon's spirit leaps out and strikes again.
   The spirit shares a part of any damage it takes with its wielder.
   rElec:     It insulates you from electricity.
   rCorr:     It protects you from acid and corrosion.
   Stlth:     It makes you more stealthy.
 s - a +2 hand axe of draining
Missiles
 n - 141 stones (quivered)
 o - 9 poisoned darts
 I - 5 javelins
 L - 5 throwing nets
Armour
 g - a +0 robe of willpower
 t - a +1 cloak of stealth (worn)
 x - a +1 pair of gloves (worn)
 B - a +2 chain mail of fire resistance (worn)
 C - a +0 buckler of reflection (worn)
 Q - +0 ice dragon scales
Jewellery
 e - a ring of positive energy (left hand)
 v - a ring of willpower (right hand)
 M - a ring of flight
Wands
 c - a wand of roots (1)
 q - a wand of flame (9)
 r - a wand of digging (9)
 z - a wand of acid (8)
 O - a wand of polymorph (3)
Scrolls
 f - a scroll of vulnerability
 h - 2 scrolls of fog
 i - 7 scrolls of teleportation
 w - 2 scrolls of enchant weapon
 y - a scroll of enchant armour
 A - a scroll of fear
 D - a scroll of brand weapon
 E - 2 scrolls of magic mapping
 H - 5 scrolls of immolation
 N - 2 scrolls of amnesia {unknown}
 P - 3 scrolls of silence {unknown}
Potions
 b - a potion of cancellation
 d - 3 potions of mutation
 k - a potion of heal wounds
 l - 11 potions of curing
 m - 2 potions of invisibility
 p - a potion of degeneration
 u - 4 potions of flight
 F - a potion of resistance
 G - a potion of brilliance
 J - 2 potions of magic
 K - 3 potions of attraction


   Skills:
 - Level 14.6 Fighting
 - Level 14.0 Maces & Flails
 + Level 7.5 Armour
 * Level 16.6 Shields


You had 13 spell levels left.
You didn't know any spells.
Your spell library contained the following spells:

 Spells                   Type           Power      Damage    Failure   Level
 Freeze                   Ice            0%         1d3       94%         1
 Necrotise                Necr           0%         1d4       94%         1
 Slow                     Hex            0%         N/A       94%         1
 Ensorcelled Hibernation  Hex/Ice        0%         N/A       98%         2
 Call Canine Familiar     Summ           0%         N/A       100%        3
 Confusing Touch          Hex            0%         N/A       100%        3
 Conjure Flame            Conj/Fire      0%         6-21      100%        3
 Portal Projectile        Hex/Tloc       0%         N/A       100%        3
 Spider Form              Tmut/Pois      0%         N/A       100%        3
 Stone Arrow              Conj/Erth      0%         3d7       100%        3
 Vampiric Draining        Necr           0%         2d6       100%        3
 Anguish                  Hex/Necr       0%         N/A       100%        4
 Animate Armour           Summ/Erth      0%         N/A       100%        4
 Fulminant Prism          Conj/Hex       0%         3d6       100%        4
 Hailstorm                Conj/Ice       0%         3d3       100%        4
 Leda's Liquefaction      Hex/Erth       0%         N/A       100%        4
 Agony                    Necr           0%         N/A       100%        5
 Orb of Destruction       Conj           0%         9d5       100%        7
 Lehudib's Crystal Spear  Conj/Erth      0%         10d2      100%        8


Dungeon Overview and Level Annotations

Branches:
Dungeon (12/15)            Temple (0/1) D:7            Lair (2/5) D:10
    Orc (0/2) D:9         Ossuary (visited)          Bailey (visited)
  IceCv (1/1)
  Swamp: Lair:2-3    Shoals: Lair:2-3     Snake: Lair:2-3    Spider: Lair:2-3

Altars:
Ashenzari
Elyvilon
Fedhas
Gozag
Hepliaklqana
Makhleb
Sif Muna
Vehumet
Wu Jian
Xom
Yredelemnul
Lugonu

Shops:
D:1 *   D:4 !   D:6 :   D:9 *   D:11 [

Annotations:
D:5 3 runed translucent doors, sigtrap's ghost, novice SpBr IceCv exclusion: ice statue


Innate Abilities, Weirdness & Mutations

You cannot be hasted, slowed, berserked, paralysed or teleported.
You can dig through walls and to a lower floor.
You have a pair of large antennae on your head. (SInv)
Your four strong arms can wield two-handed weapons with a shield.


Message History

The death yak is heavily wounded.
Your +8 hammer of the Loving Gods {spect, rElec rCorr Stlth+} barely misses the death yak.
The death yak snorts and paws the ground.
The death yak gores you but does no damage.
You hit the death yak but do no damage.
The death yak is heavily wounded.
Your +8 hammer of the Loving Gods {spect, rElec rCorr Stlth+} hits the death yak!
You hit the death yak.
The death yak is severely wounded.
Your +8 hammer of the Loving Gods {spect, rElec rCorr Stlth+} hits the death yak!
The death yak misses your +8 hammer of the Loving Gods {spect, rElec rCorr Stlth+}.
You catch the helpless death yak completely off-guard!
You sock the death yak!
The death yak is almost dead.
Your +8 hammer of the Loving Gods {spect, rElec rCorr Stlth+} hits the death yak.
The death yak closely misses you.
You sock the death yak!
You kill the death yak!
The Council accepts your kill.
You hit the polar bear but do no damage.
The polar bear is moderately wounded.
Your +8 hammer of the Loving Gods {spect, rElec rCorr Stlth+} closely misses the polar bear.
You block the polar bear's attack.
The polar bear claws you but does no damage. x2
The frost giant points at you and mumbles some strange words.
The bolt of cold misses the polar bear.
The bolt of cold hits you!!!
You hit the polar bear.
The polar bear is moderately wounded.
Your +8 hammer of the Loving Gods {spect, rElec rCorr Stlth+} hits the polar bear!
The polar bear barely misses your +8 hammer of the Loving Gods {spect, rElec rCorr Stlth+}. x2
The polar bear claws your +8 hammer of the Loving Gods {spect, rElec rCorr Stlth+} but does no damage.
The frost giant casts a spell at you.
The bolt of cold hits the polar bear!!
The polar bear resists.
The bolt of cold hits you!!
* * * LOW HITPOINT WARNING * * *
The frost giant points at you and mumbles some strange words.
The bolt of cold hits the polar bear!!
The polar bear resists.
The polar bear dies!
The bolt of cold hits you!!!
You die...

.{##
{{# #{#
##.#
#Y##
#C##
#§.#
##§#
##@#
###.##
##.#.#
#....#
##.#.##
#.###.#
#.##..#
#..#.##
#.#..#


You could see a frost giant and a yak.

Vanquished Creatures
  2 hydras (D:10)
  A boulder beetle (D:11)
  Erica (D:8)
  4 two-headed ogres
  9 death yaks
  A wolf spider zombie (D:11)
  5 elephants (Lair:1)
  Joseph (D:10)
  A black mamba (Lair:1)
  3 centaur skeletons (D:11)
  Maggie (D:8)
  5 cane toads
  2 unseen horrors (D:11)
  3 kobold demonologists (D:10)
  3 rime drakes (Lair:2)
  3 komodo dragons (Lair:1)
  Psyche (D:10)
  2 hellwings (D:11)
  A troll (D:11)
  9 polar bears (IceCv)
  A harpy skeleton (D:11)
  A meliai zombie (D:11)
  2 wyverns
  30 yaks
  A vampire (D:10)
  2 vampire mosquitoes (D:8)
  3 basilisks (Lair:1)
  2 steam dragons (D:10)
  2 acid dragons (D:10)
  10 water moccasins
  7 orc warriors
  An ice beast (D:7)
  3 sky beasts
  A black bear (Lair:2)
  24 wolves
  2 ogres (D:4)
  3 centaurs
  7 kobold brigands
  A necrophage (D:6)
  8 bullfrogs
  9 gnoll sergeants (Bailey)
  3 scorpions
  3 wights (D:9)
  11 killer bees
  An electric eel (D:11)
  3 centaur zombies
  4 howler monkeys
  A human zombie (Ossuary)
  6 hounds
  10 gnoll boudas
  10 orc priests
  Crazy Yiuf (D:4)
  A boggart zombie (D:11)
  3 iguanas
  16 orc wizards
  5 mummies
  26 gnolls
  8 adders
  5 shadow imps
  3 white imps
  2 worms
  4 dart slugs
  57 orcs
  4 ball pythons
  5 endoplasms
  2 giant cockroaches (D:4)
  16 goblins
  10 hobgoblins
  5 jackals
  30 kobolds
  4 quokkas
  6 bats
  A frilled lizard (D:1)
  A gnoll zombie (Ossuary)
  A goblin zombie (Ossuary)
  A hobgoblin zombie (Ossuary)
  A kobold zombie (Ossuary)
  An orc zombie (Ossuary)
  5 rats
454 creatures vanquished.

Vanquished Creatures (others)
  A polar bear (IceCv)
  2 demonic plants (D:10)
  2 fungi (Lair:1)
  9 plants
  4 withered plants (D:11)
18 creatures vanquished.

Grand Total: 472 creatures vanquished

Notes
Turn   | Place    | Note
-------+----------+-------------------------------------------
     0 | D:1      | Hiippo the Formicid Fighter began the quest for the Orb.
     0 | D:1      | Reached XP level 1. HP: 18/18 MP: 1/1
    69 | D:1      | Found Ozauma's General Store.
   344 | D:1      | Reached XP level 2. HP: 22/24 MP: 2/2
   855 | D:1      | Found a faded altar of an unknown god.
  1207 | D:2      | Reached XP level 3. HP: 29/30 MP: 3/3
  1522 | D:2      | Reached XP level 4. HP: 30/35 MP: 4/4
  2124 | D:3      | Found a hazy altar of Hepliaklqana.
  2197 | D:3      | Reached XP level 5. HP: 35/39 MP: 5/5
  2338 | D:3      | Reached skill level 5 in Fighting
  3581 | D:3      | Reached XP level 6. HP: 47/49 MP: 6/6
  3897 | D:4      | Found Utach's Distillery.
  4306 | D:4      | Noticed an ogre
  4397 | D:4      | Reached skill level 5 in Maces & Flails
  4397 | D:4      | Reached XP level 7. HP: 48/58 MP: 7/7
  4465 | D:4      | Identified the +8 hammer of the Loving Gods {spect, rElec
                  | rCorr Stlth+}
  4866 | D:4      | Got the Essays on Glacial Conjuring
  5643 | D:4      | Found a runed translucent door.
  5644 | D:4      | Noticed Crazy Yiuf
  5651 | D:4      | Killed Crazy Yiuf
  5652 | D:4      | Reached XP level 8. HP: 59/67 MP: 8/8
  6013 | D:5      | Entered Level 5 of the Dungeon
  6219 | D:5      | Found a runed translucent gate.
  6219 | D:5      | Found a runed translucent gate.
  6219 | D:5      | Found a runed translucent gate.
  6220 | D:5      | Found an opulent altar of Gozag.
  6221 | D:5      | Noticed sigtrap's ghost (novice SpBr)
  6221 | D:5      | Noticed a two-headed ogre
  6460 | D:5      | Found a shimmering altar of Xom.
  6544 | D:5      | Found a shimmering blue altar of Sif Muna.
  7555 | D:6      | Found a sand-covered staircase.
  7577 | Ossuary  | Entered an ossuary
  7778 | Ossuary  | Reached XP level 9. HP: 75/75 MP: 9/9
  7972 | D:6      | Found Jabrifer's Book Shoppe.
  8693 | D:7      | Found an ornate altar of the Wu Jian Council.
  8854 | D:7      | Found a radiant altar of Vehumet.
  8916 | D:7      | Noticed a two-headed ogre
  9314 | D:7      | Found a staircase to the Ecumenical Temple.
  9320 | D:7      | Reached skill level 10 in Fighting
  9332 | D:7      | Found a blossoming altar of Fedhas.
  9410 | D:7      | Killed a two-headed ogre
  9411 | D:7      | Reached XP level 10. HP: 86/86 MP: 10/10
  9654 | D:7      | Found a burning altar of Makhleb.
  9794 | D:8      | Noticed Erica
  9803 | D:8      | Killed Erica
  9804 | D:8      | Reached skill level 10 in Maces & Flails
 10118 | D:8      | Found a flagged portal.
 10127 | Bailey   | Entered a bailey
 11493 | D:8      | Noticed Maggie
 11501 | D:8      | Reached XP level 11. HP: 96/96 MP: 11/11
 11512 | D:8      | Killed Maggie
 11769 | D:8      | Found a broken altar of Ashenzari.
 13595 | D:9      | Found a staircase to the Orcish Mines.
 13719 | D:9      | Noticed a two-headed ogre
 13726 | D:9      | Killed a two-headed ogre
 13813 | D:9      | Found a white marble altar of Elyvilon.
 13876 | D:9      | Found a basalt altar of Yredelemnul.
 14003 | D:9      | Found Ibutamm's Neck Hole.
 14135 | D:10     | Entered Level 10 of the Dungeon
 14374 | D:10     | Noticed Joseph
 14401 | D:10     | Killed Joseph
 14661 | D:10     | Found a corrupted altar of Lugonu.
 14679 | D:10     | Noticed Psyche
 14686 | D:10     | Noticed a soul eater
 14690 | D:10     | Killed Psyche
 14869 | D:10     | Noticed a death yak
 14885 | D:10     | Noticed a death yak
 14887 | D:10     | Killed a death yak
 14888 | D:10     | Reached skill level 5 in Shields
 14888 | D:10     | Reached XP level 12. HP: 68/105 MP: 12/12
 14888 | D:10     | Noticed a death yak
 15157 | D:9      | Killed a death yak
 15158 | D:9      | Reached skill level 6 in Shields
 15270 | D:9      | Killed a death yak
 15492 | D:10     | Found a staircase to the Lair.
 15521 | D:10     | Reached skill level 7 in Shields
 16367 | D:11     | Reached skill level 8 in Shields
 16376 | D:11     | Noticed a four-headed hydra
 16567 | D:7      | Became a worshipper of the Wu Jian Council
 16674 | D:10     | Killed a four-headed hydra
 17063 | D:11     | Found Wiygomoife's Armour Shoppe.
 17066 | D:11     | Noticed a five-headed hydra
 17079 | D:10     | Killed a five-headed hydra
 17080 | D:10     | Reached skill level 9 in Shields
 17248 | D:11     | Noticed a two-headed ogre
 17264 | D:11     | Killed a two-headed ogre
 17289 | D:11     | Noticed a boulder beetle
 17308 | D:11     | Reached skill level 10 in Shields
 17314 | D:11     | Killed a boulder beetle
 17447 | D:11     | Reached skill level 11 in Shields
 17712 | D:11     | Reached XP level 13. HP: 96/113 MP: 13/13
 18169 | Lair:1   | Entered Level 1 of the Lair of Beasts
 18204 | Lair:1   | Reached skill level 12 in Shields
 18207 | Lair:1   | Reached * piety under Wu Jian
 18555 | Lair:1   | Reached skill level 13 in Shields
 18912 | Lair:1   | Reached skill level 14 in Shields
 19057 | Lair:1   | Reached skill level 5 in Armour
 19543 | Lair:2   | Reached ** piety under Wu Jian
 19804 | Lair:2   | Found a frozen archway.
 19897 | IceCv    | Entered an ice cave
 20041 | IceCv    | Reached skill level 15 in Shields
 20449 | IceCv    | Reached XP level 14. HP: 49/121 MP: 14/14
 20468 | IceCv    | Reached *** piety under Wu Jian
 20506 | IceCv    | Reached skill level 16 in Shields
 21155 | IceCv    | Noticed a frost giant
 21184 | IceCv    | Killed from afar by a frost giant

Illustrated notes

Levels and vault maps discovered:
D:1:      saegor_arrival_miasma, layout_basic,
          hellmonk_ecumenical_altar_leap_of_faith, serial_shops,
          nicolae_shop_statue_plus, chequers_garden
D:2:      layout_basic, nicolae_kite_square_tiling_tiny, st_stairs_10
D:3:      layout_basic, old_standard_altar
D:4:      minmay_clustersquares, layout_layer_cave, serial_shops,
          shop_fountains, uniq_crazy_yiuf_cottage
D:5:      layout_gridville, kennysheep_orc_sif_temple, xom_teletrap_fun,
          ebering_ghost_gozag
D:6:      layout_loops_ring, serial_shops, shop, gup_ossuary_entry_pyramid,
          nicolae_concentric_dashed_squares_wild
D:7:      layout_loops_ring, bloody_makhleb, nicolae_vehumet_altar_sigil,
          fedhas_altar_2, mainiacjoe_overflow_boulevard,
          minmay_temple_entry_gardened_gates, grunt_ministairs_11,
          grunt_decor_one_mirror
D:8:      layout_basic, ashenzari_conservatory_becter, enter_bailey_3,
          uniq_erica, uniq_maggie
D:9:      nicolae_cairo_tiling, layout_irregular_city, kennysheep_ying_yang,
          david_orc_4, nicolae_shop_sticking_my_neck_out
D:10:     kennysheep_kobold_lugonu_temple, layout_grid_maze, dpeg_lair_monsters,
          minmay_orc_keep, uniq_psyche, uniq_joseph
D:11:     cheibrodos_grave_circle, layout_rooms, nicolae_stop_n_shop_1,
          nrook_pool_corridor, chequers_serial_rivers_marsh
D:12:     layout_basic, serial_shops, shop, nicolae_lakefront_shop, uniq_frances
Lair:1:   layout_gridlike, columned_hall_lemuel, lemuel_fruit_tree,
          serial_bayou_shore_b, grunt_megastairs_5
Lair:2:   layout_loops_ring, dummy_snake_entry, portal_ice_cave_rime,
          basic_altar, serial_bayou_pond_e, serial_bayou_pond_d,
          grunt_megastairs_2
IceCv:    ice_cave_caverns_03

Skill      XL: |  1  2  3  4  5  6  7  8  9 10 11 12 13 14 |
---------------+-------------------------------------------+-----
Fighting       | 4 5 6 7 8 10 12 13 14 | 14.6
Maces & Flails | 3 4 5 6 7 9 11 14 | 14.0
Shields        | 5 11 15 16 | 16.6
Armour         | 6 7 |  7.5

Action                   |  1- 3 |  4- 6 |  7- 9 | 10-12 | 13-15 || total
-------------------------+-------+-------+-------+-------+-------++-------
Melee: Flail             |    84 |   145 |     4 |       |       ||   233
       Mace              |       |       |   194 |   421 |   404 ||  1019
Throw: Stone             |       |     6 |     4 |    14 |     5 ||    29
       Dart              |       |       |       |    12 |     4 ||    16
       Throwing net      |       |       |       |     8 |       ||     8
Invok: Lunge             |       |       |       |     9 |    18 ||    27
       Whirlwind         |       |       |       |       |    10 ||    10
 Abil: Dig               |     6 |    12 |    10 |    15 |     4 ||    47
       Wall Jump         |       |       |       |       |     3 ||     3
Evoke: Wand              |       |       |     5 |     7 |     7 ||    19
  Use: Potion            |       |     2 |     6 |     9 |     2 ||    19
       Scroll            |       |    11 |     6 |     4 |       ||    21
 Stab: Distracted        |       |       |     1 |     8 |     5 ||    14
       Sleeping          |       |       |     9 |     2 |       ||    11
       Invisible         |       |       |       |     1 |       ||     1
       Held in net/web   |       |       |       |     1 |       ||     1
Armor: Scale mail        |    30 |    50 |    53 |    72 |       ||   205
       Skin              |       |       |       |    27 |       ||    27
       Chain mail        |       |       |       |    93 |   127 ||   220
Dodge: Dodged            |    34 |    54 |    51 |   164 |    81 ||   384
Block: Buckler           |    20 |    33 |    37 |    96 |    93 ||   279
       Reflection        |       |       |       |     5 |       ||     5
